 Dungeon Crawl Stone Soup version 0.22-a0-284-g99d1f74 (webtiles) character file.

1376 grizmgrazm2 the Cudgeler (level 8, -6/72 HPs)
             Began as a Gargoyle Fighter on Mar 22, 2018.
             Was a Priest of Trog.
             Killed by divine providence
             ... invoked by an orc priest
              (13 damage)
             ... on level 6 of the Dungeon.
             The game lasted 00:15:42 (4761 turns).

grizmgrazm2 the Cudgeler (Gargoyle Fighter)         Turns: 4761, Time: 00:15:42

Health: -6/72      AC: 20    Str: 29    XL:     8   Next: 66%
Magic:  8/8        EV:  6    Int:  9    God:    Trog [***...]
Gold:   196        SH: 11    Dex: 10    Spells: 7/7 levels left

rFire    + + .     SeeInvis .   a - +0 flail
rCold    . . .     Gourm    .   c - +0 shield
rNeg     + . .     Faith    .   r - +0 plate armour
rPois    ∞         Spirit   .   (no helmet)
rElec    +         Reflect  .   n - scarf {repulsion}
rCorr    +         Harm     .   p - +0 pair of gloves
MR       .....                  o - +0 pair of boots
Stlth    ..........             (no amulet)
HPRegen  0.22/turn              l - +3 ring of strength
MPRegen  0.11/turn              d - ring of fire

@: berserking, resistant, starving, repel missiles, very quick
A: negative energy resistance 1, electricity resistance, unbreathing,
petrification resistance, rot immunity, AC +5
a: Berserk, Trog's Hand, Renounce Religion


You were on level 6 of the Dungeon.
You worshipped Trog.
Trog was most pleased with you.
You were starving.

You visited 1 branch of the dungeon, and saw 6 of its levels.

You collected 196 gold pieces.

Inventory:

Hand Weapons
 a - a +0 flail (weapon)
Armour
 c - a +0 shield (worn)
 n - a scarf of repulsion (worn)
 o - a +0 pair of boots (worn)
 p - a +0 pair of gloves (worn)
 r - a +0 plate armour (worn)
Jewellery
 d - a ring of fire (right hand)
 l - a +3 ring of strength (left hand)
Wands
 i - a wand of random effects (23)
Scrolls
 e - 3 scrolls of teleportation
 j - a scroll of fear
 k - a scroll of identify
 t - a scroll of remove curse
Potions
 g - 2 potions of resistance
 m - a potion of agility
 q - 2 potions of brilliance
Comestibles
 f - 11 rations


   Skills:
 + Level 4.8 Fighting
 + Level 7.1 Maces & Flails
 + Level 4.9 Armour
 + Level 1.9 Dodging
 + Level 1.2 Stealth
 + Level 6.7 Shields


You had 7 spell levels left.
You didn't know any spells.

Dungeon Overview and Level Annotations

Branches:
Dungeon (6/15)
 Temple: D:4-7

Altars:
Dithmenos
Kikubaaqudgha
Nemelex Xobeh
Trog
Vehumet
Yredelemnul
The Shining One


Innate Abilities, Weirdness & Mutations

You are resistant to torment.
Your stone body is resilient. (AC +5)
You are immune to poison.
You resist negative energy. (rN+)
You are resistant to electric shocks. (rElec)
You can survive without breathing.
You are immune to petrification.
You are immune to rotting.


Message History

Your shield prevents you from hitting something.
Something hits you but does no damage.
You miss something. You bludgeon something!!
You feel the power of Trog in you as your rage grows.
Trog accepts your kill.
Trog appreciates your killing of a magic user.
Reactivating autopickup.
You feel a bit more experienced.
You sock the orc!
You kill the orc!
Trog accepts your kill. The orc hits you but does no damage.
Items here: )) [[ a short sword; a leather armour; a dagger; a robe You hit the orc.
The orc is severely wounded.
The orc priest calls down the wrath of Beogh upon you.
Beogh smites you!
You die...

. .# ..# ####
...# ...# ....#
##.#
#########o....#
.#
#......@oZ....'
.#
#.#######.....#
.# #.# ...##
##..# #.# #.#
....< #.# #
....# #.# .....
#.#
##########.#
...........#


You could see an orc priest, an orc and a bullfrog skeleton.

Vanquished Creatures
  The ghost of Gorglomux the Twirler, an amateur TeWn (D:3)
  A water moccasin (D:6)
  An orc warrior (D:6)
  A necrophage (D:5)
  2 ogres (D:5)
  3 scorpions
  A crimson imp (D:5)
  A jelly (D:5)
  2 orc priests (D:3)
  3 hounds (D:5)
  Jessica (D:2)
  An iguana (D:5)
  3 orc wizards
  3 worker ants
  3 gnolls (D:4)
  10 adders
  A shadow imp (D:5)
  An ooze (D:1)
  2 worms
  A dart slug (D:3)
  4 leopard geckos
  24 orcs
  A ball python (D:4)
  4 giant cockroaches
  6 hobgoblins
  8 jackals
  6 kobolds
  A quokka (D:4)
  7 bats
  3 frilled lizards
  8 goblins
  8 rats
122 creatures vanquished.

Vanquished Creatures (others)
  An orc wizard (D:6)
1 creature vanquished.

Grand Total: 123 creatures vanquished

Notes
Turn   | Place    | Note
-------+----------+-------------------------------------------
     0 | D:1      | grizmgrazm2 the Gargoyle Fighter began the quest for the Orb.
     0 | D:1      | Reached XP level 1. HP: 14/14 MP: 1/1
   137 | D:2      | Reached XP level 2. HP: 5/19 MP: 2/2
   477 | D:2      | Found a bloodstained altar of Trog.
   481 | D:2      | Became a worshipper of Trog the Wrathful
   671 | D:1      | Reached XP level 3. HP: 23/23 MP: 3/3
  1173 | D:2      | Reached XP level 4. HP: 28/28 MP: 4/4
  1267 | D:2      | Reached * piety under Trog
  1300 | D:2      | Found a shadowy altar of Dithmenos.
  1380 | D:2      | Noticed Jessica
  1385 | D:2      | Killed Jessica
  1385 | D:2      | Reached skill level 3 in Maces & Flails
  1486 | D:2      | Reached skill level 1 in Stealth
  1578 | D:3      | Reached XP level 5. HP: 32/32 MP: 5/5
  1608 | D:3      | Noticed Gorglomux's ghost (amateur TeWn)
  1688 | D:3      | Killed Gorglomux's ghost
  1688 | D:3      | Reached skill level 1 in Dodging
  1688 | D:3      | Reached XP level 6. HP: 12/38 MP: 6/6
  1910 | D:3      | Reached skill level 5 in Shields
  2043 | D:3      | Reached skill level 4 in Maces & Flails
  2062 | D:3      | Reached ** piety under Trog
  2151 | D:3      | Found a radiant altar of Vehumet.
  2932 | D:4      | Reached XP level 7. HP: 34/43 MP: 7/7
  3086 | D:4      | Found a sparkling altar of Nemelex Xobeh.
  3103 | D:4      | Reached skill level 5 in Maces & Flails
  3148 | D:4      | Found a glowing golden altar of the Shining One.
  3184 | D:4      | Found an ancient bone altar of Kikubaaqudgha.
  3527 | D:4      | Found a basalt altar of Yredelemnul.
  3842 | D:4      | Noticed an angel
  3862 | D:5      | Entered Level 5 of the Dungeon
  4038 | D:5      | Reached *** piety under Trog
  4048 | D:5      | Reached skill level 6 in Maces & Flails
  4048 | D:5      | Reached XP level 8. HP: 37/48 MP: 8/8
  4689 | D:6      | Reached skill level 7 in Maces & Flails
  4761 | D:6      | Killed from afar by an orc priest

Vault maps used:
D:1:      dpeg_arrival_arbitrary_c
D:2:      marbit_many_paths, bloody_trog, uniq_jessica
D:3:      cheibrodos_pilgrimage, lemuel_coloured_pillars_altar
D:4:      nemelex_xobeh_ov_fountains_minmay, overflow_temple_1_default,
          grunt_temple_overflow_holy_war, first_ration
D:6:      overflow_temple_1_default, overflow_temple_1_default,
          tgw_kikubaaqudgha

Skill      XL: |  1  2  3  4  5  6  7  8 |
---------------+-------------------------+-----
Shields        | 4 5 6 |  6.7
Maces & Flails | 3 4 6 7 |  7.1
Stealth        | 1 |  1.2
Dodging        | 1 |  1.9
Armour         | 4 |  4.9
Fighting       | 4 |  4.8

Action                   |  1- 3 |  4- 6 |  7- 9 || total
-------------------------+-------+-------+-------++-------
Melee: Flail             |   103 |   274 |   295 ||   672
Throw: Throwing net      |     1 |       |       ||     1
Invok: Berserk           |       |     2 |     1 ||     3
       Trog's Hand       |       |       |     1 ||     1
  Use: Potion            |     1 |     6 |     3 ||    10
       Scroll            |       |    10 |     3 ||    13
  Eat: Chunk             |     1 |     8 |     2 ||    11
       Ration            |       |       |     1 ||     1
Armor: Scale mail        |    59 |   186 |    31 ||   276
       Plate armour      |       |       |   147 ||   147
Dodge: Dodged            |    33 |   122 |    63 ||   218
       Deflected         |       |       |     1 ||     1
Block: Shield            |    67 |   152 |   148 ||   367

Table legend:
 A = Spawn XP
 B = Non-spawn XP
 C = Spawn XP percentage of total XP
 D = Spawn monster count
 E = Non-spawn monster count
 F = Spawn count percentage of total count
 G = Total turns spent on level
                    A         B        C        D         E        F      G
               +---------+---------+-------+---------+---------+-------+---------
         Total |       0 |    1967 |   0.0 |       0 |     122 |   0.0 |  4761
               +---------+---------+-------+---------+---------+-------+---------
           D:1 |       0 |      34 |   0.0 |       0 |      17 |   0.0 |   673
           D:2 |       0 |     129 |   0.0 |       0 |      20 |   0.0 |   900
           D:3 |       0 |     402 |   0.0 |       0 |      40 |   0.0 |  1307
           D:4 |       0 |     172 |   0.0 |       0 |      16 |   0.0 |   982
           D:5 |       0 |     865 |   0.0 |       0 |      22 |   0.0 |   710
           D:6 |       0 |     365 |   0.0 |       0 |       7 |   0.0 |   189
               +---------+---------+-------+---------+---------+-------+---------
